 Dungeon Crawl Stone Soup version 0.27.1-3-gb3d3a73c9e (webtiles) character file.

Game seed: 3931098136346885193

1077 cdecastro the Spear-Bearer (level 8, -15/56 HPs)
             Began as a Demonspawn Gladiator on Oct 9, 2021.
             Was a Priest of Okawaru.
             Demolished by Harold (21 damage)
             ... on level 7 of the Dungeon.
             The game lasted 00:12:06 (6316 turns).

cdecastro the Spear-Bearer (Demonspawn Gladiator)   Turns: 6316, Time: 00:12:06

Health: -15/56     AC:  6    Str: 17    XL:     8   Next: 8%
Magic:  9/9        EV: 11    Int: 10    God:    Okawaru [***...]
Gold:   84         SH:  4    Dex: 14    Spells: 7/7 levels left

rFire    . . .     SeeInvis +   a - +0 trident
rCold    . . .     Faith    .   (no shield)
rNeg     . . .     Spirit   .   k - +0 ring mail
rPois    +         Reflect  .   (helmet unavailable)
rElec    .         Harm     .   (no cloak)
rCorr    .         Rampage  .   (no gloves)
Will     .....                  l - +0 pair of boots
Stlth    +.........             (no amulet)
HPRegen  0.18/turn              j - ring of poison resistance
MPRegen  0.11/turn              (no ring)

@: marked, on berserk cooldown, slowed, very slow
A: antennae 3, condensation shield
a: Renounce Religion, Heroism


You were on level 7 of the Dungeon.
You worshipped Okawaru.
Okawaru was most pleased with you.
You visited 1 branch of the dungeon, and saw 7 of its levels.

You collected 289 gold pieces.
You spent 205 gold pieces at shops.

Inventory:

Hand Weapons
 a - a +0 trident (weapon)
Missiles
 d - 3 throwing nets (quivered)
 g - 9 poisoned darts
 h - 126 stones
 m - 81 arrows
 p - 41 bolts
Armour
 b - a +0 pair of gloves
 c - a +0 helmet
 k - a +0 ring mail (worn)
 l - a +0 pair of boots (worn)
Magical Staves
 r - a staff of air
Jewellery
 j - a ring of poison resistance (left hand)
 w - the amulet "Paidokox" {Faith Harm Str+4}
   (You found it on level 5 of the Dungeon)

   [amulet of faith]

   It allows you to gain divine favour quickly.
   Str:       It affects your strength (+4).
   Harm:      It increases damage dealt and taken.
 x - a ring of protection from cold
Wands
 y - a wand of charming (10)
Scrolls
 e - 2 scrolls of identify
 f - 6 scrolls of teleportation
 i - 2 scrolls of fear {unknown}
 o - a scroll of enchant weapon {unknown}
 v - a scroll of blinking
Potions
 n - 2 potions of curing
 q - 2 potions of berserk rage
 s - 2 potions of might
 t - 2 potions of brilliance
 u - a potion of resistance
 z - a potion of heal wounds {unknown}


   Skills:
 - Level 2.0 Fighting
 + Level 9.0 Polearms
 - Level 1.7 Throwing
 - Level 2.6 Dodging
 - Level 2.0 Invocations


You had 7 spell levels left.
You didn't know any spells.
Your spell library contained the following spells:

 Spells                   Type           Power      Damage    Failure   Level
 Freeze                   Ice            0%         1d3       56%         1
 Passwall                 Tmut/Erth      0%         N/A       71%         2
 Frozen Ramparts          Ice            0%         1d2       91%         3
 Gell's Gravitas          Tloc           0%         N/A       91%         3
 Swiftness                Air            0%         N/A       91%         3
 Teleport Other           Tloc           0%         N/A       91%         3
 Hailstorm                Conj/Ice       0%         3d3       100%        4
 Dispersal                Tloc           0%         N/A       100%        6
 Invisibility             Hex            0%         N/A       100%        6


Dungeon Overview and Level Annotations

Branches:
Dungeon (6/15)
 Temple: D:4-7

Altars:
Kikubaaqudgha
Okawaru

Shops:
D:5 =?[*

Annotations:
D:4 not done
D:7 Harold


Innate Abilities, Weirdness & Mutations

You have a pair of large antennae on your head. (SInv)
A meltable shield of frost defends you. (SH +4)


Message History

You see here a throwing net.
You struggle against the net.
You tear a large gash into the net.
Harold gestures at you while chanting.
You barely resist. You shred the net and break free!
Harold casts a spell at you. A sentinel's mark forms upon you.
Harold gestures at you while chanting. The mark upon you grows brighter.
Harold throws a throwing net.
The throwing net hits you.
You become entangled in the net!
A red film seems to cover your vision as you go berserk!
You feel yourself moving faster!
You feel mighty!
You struggle against the net.
You feel a strong urge to attack something.
You tear a large gash into the net.
Harold hits you with a +0 war axe!!
You struggle against the net.
You feel your anger nearly subside.
You are no longer berserk.
You are exhausted.
You feel yourself slow down. Harold hits you with a +0 war axe!
You rip the net and break free!
Harold hits you with a +0 war axe!
* * * LOW HITPOINT WARNING * * *
You hit Harold but do no damage. You block Harold's attack.
You hit Harold.
Harold is lightly wounded.
Harold hits you with a +0 war axe.
* * * LOW HITPOINT WARNING * * *
Harold closely misses you.
You hit Harold.
Harold is lightly wounded.
Harold hits you with a +0 war axe.
* * * LOW HITPOINT WARNING * * *
You barely miss Harold.
Harold is lightly wounded.
Harold closely misses you.
You closely miss Harold.
Harold is lightly wounded.
Harold hits you with a +0 war axe!!
You die...

....# #....#........#
.....###.............
#......#....###...##.
#......## ##.#
###.##.# .# #.##.# .
#.##.# # ####@# #@#
###


You could see Harold.

Vanquished Creatures
  A wraith (D:5)
  A sky beast (D:5)
  A phantom (D:5)
  2 scorpions
  A water moccasin skeleton (D:5)
  3 hounds
  A centaur skeleton (D:4)
  2 orc priests (D:3)
  A jelly (D:5)
  A scorpion zombie (D:5)
  4 iguanas
  A hound skeleton (D:4)
  Robin (D:4)
  4 adders
  4 gnolls
  An ufetubus (D:4)
  An adder skeleton (D:4)
  6 worms
  3 dart slugs
  11 orcs
  7 bats
  6 endoplasms
  5 giant cockroaches
  13 goblins
  8 hobgoblins
  7 jackals
  13 kobolds
  13 ball pythons
  4 frilled lizards
  8 rats
134 creatures vanquished.

Notes
Turn   | Place    | Note
-------+----------+-------------------------------------------
     0 | D:1      | cdecastro the Demonspawn Gladiator began the quest for the
                  | Orb.
     0 | D:1      | Reached XP level 1. HP: 16/16 MP: 1/1
    95 | D:1      | Reached skill level 3 in Polearms
   109 | D:1      | Gained mutation: You have a pair of small antennae on your
                  | head. [demonic ancestry]
   109 | D:1      | Reached XP level 2. HP: 22/22 MP: 2/2
   346 | D:1      | Found a faded altar of an unknown god.
   350 | D:1      | Became a worshipper of Warmaster Okawaru
   350 | D:1      | Reached * piety under Okawaru
   872 | D:2      | Reached skill level 1 in Invocations
   996 | D:2      | Gained mutation: You have a pair of antennae on your head.
                  | [demonic ancestry]
   996 | D:2      | Reached XP level 3. HP: 27/27 MP: 3/3
  1010 | D:2      | HP: 1/27 [worm (7)]
  1750 | D:2      | Reached skill level 4 in Polearms
  2016 | D:2      | Reached XP level 4. HP: 33/33 MP: 5/5
  2430 | D:3      | Reached skill level 5 in Polearms
  2430 | D:3      | Gained mutation: You have a pair of large antennae on your
                  | head. (SInv) [demonic ancestry]
  2430 | D:3      | Reached XP level 5. HP: 9/38 MP: 3/6
  4222 | D:4      | Noticed a black bear
  4294 | D:3      | Reached skill level 6 in Polearms
  4294 | D:3      | Reached XP level 6. HP: 29/44 MP: 7/7
  4722 | D:4      | Noticed Robin
  4736 | D:4      | Killed Robin
  4763 | D:5      | Entered Level 5 of the Dungeon
  4763 | D:5      | Found Xolaommy's General Store.
  4766 | D:5      | Reached ** piety under Okawaru
  4767 | D:5      | Reached skill level 7 in Polearms
  4781 | D:5      | Bought a potion of might for 40 gold pieces
  4781 | D:5      | Bought a scroll of identify for 20 gold pieces
  4781 | D:5      | Bought a scroll of blinking for 75 gold pieces
  4781 | D:5      | Bought 2 scrolls of identify for 40 gold pieces
  4789 | D:5      | Noticed a sky beast
  4805 | D:5      | Killed a sky beast
  4806 | D:5      | Gained mutation: A meltable shield of frost defends you.
                  | (SH +4) [demonic ancestry]
  4806 | D:5      | Reached XP level 7. HP: 50/50 MP: 5/8
  4879 | D:5      | Identified the amulet "Paidokox" {Faith Harm Str+4}
  4919 | D:5      | Found Eroxusi's Armour Boutique.
  5032 | D:5      | Found an ancient bone altar of Kikubaaqudgha.
  5396 | D:5      | Reached skill level 8 in Polearms
  5537 | D:5      | Found Anuupo Ycki's Jewellery Shop.
  5568 | D:5      | Noticed a wraith
  5585 | D:5      | Killed a wraith
  5710 | D:5      | Found Cafaamu's Magic Scroll Boutique.
  5721 | D:5      | Bought a scroll of teleportation for 30 gold pieces
  5845 | D:5      | Reached *** piety under Okawaru
  5846 | D:5      | Reached XP level 8. HP: 49/56 MP: 9/9
  6028 | D:5      | Reached skill level 9 in Polearms
  6275 | D:6      | You fall into a shaft and drop 1 floor!
  6287 | D:7      | Noticed Harold
  6316 | D:7      | Demolished by Harold

Illustrated notes

Levels and vault maps discovered:
D:1:      amcnicky_arrival_flooded_fountain, layout_rooms,
          shapermc_ecumenical_altar_petra, minmay_misc_feat_four_crosses
D:2:      wad_river_or_something, layout_basic
D:3:      corexii_shack_village, layout_basic, minivault_19
D:4:      layout_rooms, uniq_sigmund, uniq_robin
D:5:      layout_loops_ring, old_standard_altar, serial_shops,
          nicolae_shop_crystal, shop, kennysheep_little_box, shop,
          roderic_roman_lattice, chequers_serial_rivers_marsh
D:6:      layout_loops_ring, nicolae_underground_beach, uniq_grinder
D:7:      layout_layer_cave, vehumet_crystals, gammafunk_temple_overflow_pools,
          mainiacjoe_overflow_brackets, minmay_temple_entry_statues_pillars,
          uniq_harold

Skill      XL: |  1  2  3  4  5  6  7  8 |
---------------+-------------------------+-----
Polearms       | 3 4 5 6 7 8 9 |  9.0
Invocations    | 1 2 |  2.0
Fighting       | |  2.0
Throwing       | |  1.7
Dodging        | |  2.6

Action                   |  1- 3 |  4- 6 |  7- 9 || total
-------------------------+-------+-------+-------++-------
Melee: Trident           |   148 |   275 |   117 ||   540
       Punch             |       |       |     2 ||     2
Invok: Heroism           |       |     6 |     1 ||     7
  Use: Scroll            |       |       |     4 ||     4
       Potion            |       |       |     1 ||     1
 Stab: Sleeping          |     1 |       |       ||     1
Armor: Leather armour    |    33 |       |       ||    33
       Ring mail         |    20 |    83 |    13 ||   116
Dodge: Dodged            |    84 |   140 |    50 ||   274
Block: Other             |       |       |    12 ||    12
